cohdb
Replays
Latest Replays
All Replays
Popular Replays
Top Player Replays
Match Explorer
How It Works
Community
CoH3 Stats
Reddit
Sign in to upload your games and track your stats! →
Sign in with Steam
Match 44247745
Unlisted
Match 44247745
Overview
Messages
Build Orders
End
Construct Weapon Support Center
Construct Barracks
Engineer Squad
Riflemen Squad
Riflemen Squad
Construct Medical Station
Riflemen Squad
Grenade Package
Riflemen Squad
Infantry Support Center
Construct Weapon Support Center
M3 Armored Personnel Carrier
Bazooka Squad
Selects Heavy Weapons
Selects Assault Carriers
Selects Exchangeable Parts
Advanced Logistics
Bazooka Squad
M3 Assault Carrier
Rei
Nicko
Symbiosis
*Mule
0
0
Comments
sign in to comment!
No comments posted yet!